 Dungeon Crawl Stone Soup version 0.31-a0-1066-g35875b34c7 (webtiles) character file.

Game seed: 14366885701477665472

9 gruber the Stinger (level 2, -1/17 HPs)
             Began as an Octopode Venom Mage on Nov 22, 2023.
             Slain by a goblin
             ... wielding a +0 dagger
              (3 damage)
             ... on level 1 of the Dungeon.
             The game lasted 00:00:22 (439 turns).

gruber the Stinger (Octopode Venom Mage)             Turns: 439, Time: 00:00:22

Health: -1/17      AC:  1    Str:  7    XL:     2   Next: 12%
Magic:  0/5        EV: 13    Int: 17    God:
Gold:   15         SH:  0    Dex: 12    Spells: 4/5 levels left

rFire   . . .        c - +0 short sword
rCold   . . .        (no shield)
rNeg    . . .        (helmet restricted)
rPois   .            (no amulet)
rElec   .            (no ring)
rCorr   .            (no ring)
SInv    .            (no ring)
Will    .....        (no ring)
Stlth   +++          (no ring)
HPRegen 0.22/turn    (no ring)
MPRegen 0.09/turn    (no ring)
                     (no ring)

%: no passive effects
@: no status effects
A: almost no armour, amphibious, 8 rings, camouflage 1, gelatinous body 1,
(nimble swimmer 1), tentacles
a: no special abilities


You were on level 1 of the Dungeon.
You visited 1 branch of the dungeon, and saw 1 of its levels.

You collected 15 gold pieces.

Inventory:

Hand Weapons
 c - a +0 short sword (weapon)
Scrolls
 b - a scroll of poison {unknown}
Potions
 a - a potion of magic


   Skills:
 - Level 2.0 Dodging
 - Level 2.6 Stealth
 - Level 2.0 Spellcasting
 - Level 1.0 Transmutations
 + Level 4.4 Poison Magic


You had 4 spell levels left.
You knew the following spells:

 Your Spells              Type           Power      Damage    Failure   Level
a - Sting                 Tmut/Pois      40%        1d5       6%          1

Your spell library contained the following spells:

 Spells                   Type           Power      Damage    Failure   Level
 Poisonous Vapours        Pois/Air       18%        N/A       12%         2
 Mephitic Cloud           Conj/Pois/Air  6%         N/A       32%         3
 Olgreb's Toxic Radiance  Pois           16%        N/A       32%         4


Dungeon Overview and Level Annotations

Branches:
Dungeon (1/15)

Altars:


Innate Abilities, Weirdness & Mutations

You cannot wear most types of armour.
You are amphibious.
You can wear up to eight rings at the same time.
Your skin changes colour to match your surroundings (Stealth+).
Your rubbery body absorbs attacks. (AC +1, EV +1)
((You are camouflaged when in or above water. (Stealth+)))
You have tentacles for arms and can constrict up to eight enemies at once.


Message History

The jackal bites you.
Your Poison Magic skill increases to level 4!
You miss the jackal. Your grab misses the jackal.
Your squeeze misses the jackal.
The jackal is almost dead.
The jackal closely misses you. The jackal bites you.
You closely miss the jackal. Your grab misses the jackal.
The jackal is almost dead.
The jackal barely misses you.
You barely miss the jackal. You grab the jackal. You squeeze the jackal.
You kill the jackal!
You barely miss the jackal. Your grab misses the jackal. The jackal bites you.
* * * LOW HITPOINT WARNING * * *
The jackal bites you.
* * * LOW HITPOINT WARNING * * *
Unknown command.
Unknown command.
Casting: Sting (safe; 7% risk of failure)
Confirm with . or Enter, or press ? or * to list all spells.
Aiming: Sting (safe; 7% risk of failure)
Press: ? - help, Shift-Dir - straight line, f/p - jackal
Aim: a jackal (64% to hit)
The sting hits the jackal.
The jackal is poisoned.
You kill the jackal!
You have reached level 2!
Unknown command.
Unknown command.
You hit the jackal. Your grab misses the jackal. You squeeze the jackal.
You kill the jackal!
You barely miss the goblin. You grab the goblin. You constrict the goblin.
The goblin hits you with a +0 dagger.
* * * LOW HITPOINT WARNING * * *
Casting: Sting (safe; 6% risk of failure)
Confirm with . or Enter, or press ? or * to list all spells.
Aiming: Sting (safe; 6% risk of failure)
Press: ? - help, Shift-Dir - straight line, f/p - goblin
Aim: a goblin, wielding a +0 dagger (moderately wounded, constricted by you, 98% to hit)
The sting misses the goblin.
You constrict the goblin. The goblin hits you with a +0 dagger.
You die...

.#.⌠.#.##.## #..
.....#.#....##.###
...###.##........#
.......##........#
...#### #......#.#
#.##.# #.#.###.#
#....# #.......#
####.# #.#g#####
##'## #.#@#
##...## #.###.#.#
##.....###.......#
#....>..######.###
.........####...##
.........'.......#
.........####....#
#.......## ##..##
##.....## ##.#


You could see a goblin.

Vanquished Creatures
  A ball python (D:1)
  A goblin (D:1)
  4 jackals (D:1)
  A frilled lizard (D:1)
7 creatures vanquished.

Notes
Turn   | Place    | Note
-------+----------+-------------------------------------------
     0 | D:1      | gruber the Octopode Venom Mage began the quest for the Orb.
     0 | D:1      | Reached XP level 1. HP: 11/11 MP: 3/3
   432 | D:1      | Reached skill level 4 in Poison Magic
   437 | D:1      | Reached XP level 2. HP: 2/17 MP: 0/5
   439 | D:1      | Slain by a goblin

Illustrated notes

Levels and vault maps discovered:
D:1:      dpeg_arrival_court, layout_loops_corners, minmay_misc_feat_doors

Skill      XL: |  1 |
---------------+----+-----
Poison Magic   | 4 |  4.4
Dodging        | |  2.0
Stealth        | |  2.6
Spellcasting   | |  2.0
Transmutations | |  1.0

Action                     || total
---------------------------++-------
  Melee: Short sword       ||     7
         Constrict         ||     2
         Tentacles         ||     2
   Cast: Sting             ||    10
 Armour: Skin              ||     8
  Dodge: Dodged            ||     7

Table legend: (Time is in decaauts)
 A = Elapsed time spent in this place.
 B = Non-inter-level travel time spent in this place.
 C = Inter-level travel time spent in this place.
 D = Time resting spent in this place.
 E = Time spent auto-exploring this place.
 F = Levels seen in this place.
 G = Mean time per level.
                   A        B        C        D        E       F      G
               +--------+--------+--------+--------+--------+-----+--------+
         Total |    438 |    392 |     46 |      0 |    357 |   1 |  438.0 |
       Dungeon |    438 |    392 |     46 |      0 |    357 |   1 |  438.0 |
               +--------+--------+--------+--------+--------+-----+--------+

Top non-repeatable levels by time:
     D:1: 438 daAuts
